 Dungeon Crawl Stone Soup version 0.27-a0-34-gc18c9092ac (webtiles) character file.

Game seed: 7382518249965886501

25765 lunkers the Spry (level 13, -3/111 HPs)
             Began as a Merfolk Venom Mage on Jan 4, 2021.
             Was an Elder of Ashenzari.
             Slain by a stone giant (29 damage)
             ... in a volcano.
             The game lasted 00:32:33 (19015 turns).

lunkers the Spry (Merfolk Venom Mage)              Turns: 19015, Time: 00:32:34

Health: -3/111     AC: 10    Str:  9    XL:     13   Next: 21%
Magic:  8/20       EV: 29    Int: 19    God:    Ashenzari [****..]
Gold:   1346       SH:  6    Dex: 16    Spells: 10/22 levels left

rFire    + . .     SeeInvis +   a - +7 dagger "Orb Guardian's Peril" {vorpal, +Inv Dex+2} (curse)
rCold    + + .     Faith    .   t - +0 buckler (curse)
rNeg     . . .     Spirit   .   Q - +3 ring mail {rC+} (curse)
rPois    .         Reflect  .   y - +0 helmet (curse)
rElec    .         Harm     .   n - scarf {rC+ rF+} (curse)
rCorr    .         Rampage  .   (no gloves)
Will     .....     Clarity  +   h - +0 pair of boots
Stlth    +.........             (no amulet)
HPRegen  0.28/turn              w - +4 ring of evasion (curse)
MPRegen  0.17/turn              v - +4 ring of evasion (curse)

@: radiating poison
A: change form in water, swift swim, stealthy swim
a: Renounce Religion, Evoke Invisibility, Curse Item, Scrying


You were in a volcano.
You worshipped Ashenzari.
Ashenzari was greatly pleased with you.
You visited 4 branches of the dungeon, and saw 15 of its levels.
You also visited: Volcano.

You collected 1346 gold pieces.

Inventory:

Hand Weapons
 a - the cursed +7 dagger "Orb Guardian's Peril" (weapon) {vorpal, +Inv Dex+2}
   (You found it on level 5 of the Dungeon)

   It inflicts extra damage upon your enemies.
   It affects your dexterity (+2).
   It lets you turn invisible.
   It has a curse placed upon it.
 x - a +1 trident of venom
 B - a +3 scimitar of flaming
Armour
 h - a +0 pair of boots (worn)
 n - a cursed scarf of resistance (worn)
 t - a cursed +0 buckler (worn)
 y - a cursed +0 helmet (worn)
 Q - a cursed +3 ring mail of cold resistance (worn)
Jewellery
 c - an uncursed amulet of faith
 e - an uncursed ring of ice
 j - an uncursed ring of protection from fire
 s - an uncursed ring of stealth
 v - a cursed +4 ring of evasion (right hand)
 w - a cursed +4 ring of evasion (left hand)
 C - an uncursed ring of wizardry
 L - a +6 ring of dexterity
 R - an uncursed ring of flight
Wands
 d - a wand of iceblast (8)
 f - a wand of flame (37)
 I - a wand of disintegration (17)
 J - a wand of acid (7)
 K - a wand of random effects (16)
Scrolls
 m - a scroll of enchant armour
 o - a scroll of remove curse
 p - 9 scrolls of teleportation {unknown}
 r - 2 scrolls of magic mapping
 u - 4 scrolls of fear
 D - a scroll of vulnerability {unknown}
 F - a scroll of immolation
 H - 2 scrolls of enchant weapon
 M - a scroll of holy word
 N - 2 scrolls of brand weapon {unknown}
 O - 2 scrolls of silence
 T - 2 scrolls of identify
Potions
 b - 2 potions of haste
 g - a potion of invisibility
 i - 2 potions of heal wounds
 l - 2 potions of attraction
 q - 2 potions of mutation
 z - 4 potions of brilliance
 A - 4 potions of cancellation
 E - a potion of might
 G - 4 potions of curing
 P - a potion of lignification
 S - a potion of magic {unknown}
 U - 4 potions of ambrosia {unknown}


   Skills:
 + Level 13.2 Fighting
 - Level 4.6(8.0) Short Blades
 + Level 16.8(18.6) Dodging
 - Level 2.1 Stealth
 - Level 4.0(6.1) Shields
 - Level 5.0 Spellcasting
 - Level 5.0(7.2) Transmutations
 - Level 10.0(12.1) Poison Magic


You had 10 spell levels left.
You knew the following spells:

 Your Spells              Type           Power        Failure   Level
a - Poisonous Vapours     Pois/Air       56%          4%          2
c - Ignite Poison         Fire/Tmut/Pois 29%          7%          3
d - Olgreb's Toxic Radia  Pois           50%          2%          4
e - Mephitic Cloud        Conj/Pois/Air  20%          19%         3

Your spell library contained the following spells:

 Spells                   Type           Power        Failure   Level
 Sting                    Tmut/Pois      100%         1%          1
 Alistair's Intoxication  Tmut/Pois      27%          19%         5
 Apportation              Tloc           10%          30%         1
 Lesser Beckoning         Tloc           2%           67%         3
 Tukima's Dance           Hex            5%           67%         3
 Invisibility             Hex            5%           100%        6


Dungeon Overview and Level Annotations

Branches:
Dungeon (10/15)            Temple (1/1) D:7            Lair (3/6) D:8
    Orc (1/2) D:9         Volcano (1/1)
  Swamp: Lair:2-4    Shoals: Lair:2-4     Snake: Lair:2-4    Spider: Lair:2-4

Altars:
Ashenzari
Cheibriados
Dithmenos
Elyvilon
Fedhas
Gozag
Hepliaklqana
Kikubaaqudgha
Makhleb
Nemelex Xobeh
Okawaru
Qazlal
Ru
Sif Muna
Trog
Uskayaw
Vehumet
Wu Jian
Xom
Yredelemnul
Zin
The Shining One

Shops:
D:4 =   Orc:1 ?

Annotations:
D:7 2 transporters, Sonofthefire's ghost, novice OpDe
D:10 1 runed translucent door, Tarl's ghost, novice TrFi
Lair:2 3 runed translucent doors, MrDNA's ghost, journeyman FoBe


Message History

You ignite the poison in your surroundings!
The stone giant seems to burn from within!!
The stone giant is heavily wounded.
You block the stone giant's attack.
The stone giant is engulfed in blazing flames.
The stone giant closely misses you.
There is a rocky tunnel leading out of this place here.
Casting: Ignite Poison (mildly dangerous; 7% risk of failure)
Confirm with . or Enter, or press ? or * to list all spells.
Okay, then.
Casting: Ignite Poison (mildly dangerous; 7% risk of failure)
Confirm with . or Enter, or press ? or * to list all spells.
Okay, then.
Casting: Ignite Poison (mildly dangerous; 7% risk of failure)
Confirm with . or Enter, or press ? or * to list all spells.
You begin to radiate toxic energy.
The stone giant is poisoned.
The stone giant looks even sicker.
The stone giant is engulfed in blazing flames.
The stone giant hits you!!
You die...

#.....≈≈≈§≈§§≈.....##
*#.....≈.≈.≈§....###
#.......§.§...#.##
#...##..###..###.##
#.#####.# #### ##.§
##.## ### #§§ ####.#
*... #§.(#### ##..
#§≈§@(!.# ..∩
#§≈§$C$)# *...
##≈§.!.## ,.§≈
#○≈≈.!# #.≈≈ #○○≈§##
≈ ##≈§## , ####


You could see a stone giant (very poisoned).

Vanquished Creatures
  Fannar (Lair:1)
  2 hydras (Lair:2)
  Erica (D:8)
  A two-headed ogre (D:9)
  3 death yaks (Lair:2)
  Urug (Lair:1)
  A lindwurm (Orc:1)
  A faun (Lair:3)
  Joseph (D:7)
  3 cane toads
  A rime drake (Lair:2)
  5 komodo dragons
  2 trolls (Orc:1)
  A queen bee (Lair:2)
  A polar bear (Lair:2)
  A hornet (D:9)
  18 blink frogs
  8 yaks
  Sigmund (D:5)
  A wyvern (Lair:2)
  Eustachio (D:5)
  3 basilisks (Lair:2)
  7 water moccasins
  10 orc warriors
  9 ice beasts
  A phantom (D:10)
  A hornet zombie (D:6)
  2 sky beasts
  A black bear (D:8)
  A necrophage (D:9)
  23 wolves (Lair:3)
  4 centaurs
  5 ogres
  A big kobold (D:7)
  15 bullfrogs
  An earth elemental (Volcano)
  5 scorpions
  18 killer bees
  14 wights
  6 howler monkeys
  An electric eel (D:6)
  A bullfrog zombie (D:9)
  4 hounds
  3 jellies
  2 centaur skeletons
  9 orc priests
  4 quasits
  A gnoll shaman (D:6)
  3 bullfrog skeletons
  7 orc wizards
  2 iguanas
  4 worker ants
  4 hell rats (Lair:2)
  A killer bee zombie (D:6)
  A hound zombie (D:9)
  A hound skeleton (D:5)
  A worker ant zombie (D:9)
  6 gnolls
  8 adders
  5 river rats (Lair:2)
  2 shadow imps
  A white imp (D:8)
  2 oozes
  An adder zombie (D:6)
  2 adder skeletons
  A worm (D:2)
  A dart slug (D:1)
  2 leopard geckos
  35 orcs
  3 ball pythons
  7 bats
  4 giant cockroaches
  10 goblins
  8 hobgoblins
  7 jackals
  3 quokkas
  A frilled lizard (D:4)
  2 kobolds
  A quokka skeleton (D:4)
  12 rats
355 creatures vanquished.

Vanquished Creatures (others)
  53 fungi
  49 plants
102 creatures vanquished.

Grand Total: 457 creatures vanquished

Notes
Turn   | Place    | Note
-------+----------+-------------------------------------------
     0 | D:1      | lunkers the Merfolk Venom Mage began the quest for the Orb.
     0 | D:1      | Reached XP level 1. HP: 13/13 MP: 3/3
   250 | D:1      | Reached XP level 2. HP: 11/19 MP: 0/5
   620 | D:1      | Reached XP level 3. HP: 18/24 MP: 1/6
  1434 | D:2      | Learned a level 2 spell: Poisonous Vapours
  1927 | D:2      | Reached XP level 4. HP: 27/30 MP: 1/8
  2855 | D:2      | Reached XP level 5. HP: 35/35 MP: 5/9
  2998 | D:2      | Found a stormy altar of Qazlal.
  2998 | D:2      | Found an opulent altar of Gozag.
  3003 | D:2      | Found a faded altar of an unknown god.
  3005 | D:2      | Found a hide-covered altar of Uskayaw.
  3006 | D:2      | Found a faded altar of an unknown god.
  3627 | D:3      | Found a glowing silver altar of Zin.
  3712 | D:3      | Found a basalt altar of Yredelemnul.
  3714 | D:3      | Found a white marble altar of Elyvilon.
  3779 | D:3      | Found an iron altar of Okawaru.
  4146 | D:4      | Reached skill level 5 in Poison Magic
  4151 | D:4      | Noticed an orc warrior
  4246 | D:4      | Killed an orc warrior
  4247 | D:4      | Reached skill level 5 in Transmutations
  4247 | D:4      | Reached XP level 6. HP: 10/41 MP: 3/10
  5006 | D:4      | Found Poozuk's Jewellery Shop.
  5283 | D:4      | Found a bloodstained altar of Trog.
  5287 | D:4      | Reached XP level 7. HP: 46/46 MP: 6/11
  5839 | D:5      | Entered Level 5 of the Dungeon
  5874 | D:5      | Learned a level 3 spell: Ignite Poison
  5879 | D:5      | Learned a level 4 spell: Olgreb's Toxic Radiance
  6006 | D:5      | Got a fine dagger
  6007 | D:5      | Identified the +7 dagger "Orb Guardian's Peril" {vorpal,
                  | +Inv Dex+2} (You found it on level 5 of the Dungeon)
  6721 | D:5      | Noticed Sigmund
  6725 | D:5      | Killed Sigmund
  6726 | D:5      | Reached skill level 1 in Fighting
  6726 | D:5      | Reached XP level 8. HP: 56/56 MP: 3/12
  6730 | D:5      | Learned a level 3 spell: Mephitic Cloud
  6839 | D:5      | Noticed Eustachio
  6857 | D:5      | Killed Eustachio
  7196 | D:6      | Reached skill level 5 in Fighting
  7874 | D:6      | Reached XP level 9. HP: 72/72 MP: 2/13
  8580 | D:7      | Found an ancient bone altar of Kikubaaqudgha.
  8580 | D:7      | Found a blossoming altar of Fedhas.
  8767 | D:7      | Found a transporter.
  8770 | D:7      | Noticed Sonofthefire's ghost (novice OpDe)
  8827 | D:7      | Noticed Joseph
  8850 | D:7      | Killed Joseph
  9003 | D:7      | Found a transporter.
  9429 | D:7      | Found a staircase to the Ecumenical Temple.
  9637 | Temple   | Entered the Ecumenical Temple
  9782 | Temple   | Became a worshipper of Ashenzari the Shackled
 10015 | D:8      | Noticed Erica
 10036 | D:8      | Killed Erica
 10037 | D:8      | Reached XP level 10. HP: 64/85 MP: 2/16
 10262 | D:8      | Reached skill level 10 in Fighting
 10338 | D:8      | Reached skill level 5 in Spellcasting
 11185 | D:8      | Reached skill level 10 in Poison Magic
 11288 | D:8      | Found a burning altar of Makhleb.
 11288 | D:8      | Noticed a balrug
 11459 | D:8      | Found a staircase to the Lair.
 11920 | D:9      | Found a staircase to the Orcish Mines.
 11927 | D:9      | Noticed a two-headed ogre
 11951 | D:9      | Killed a two-headed ogre
 11952 | D:9      | Reached XP level 11. HP: 34/95 MP: 2/18
 12228 | D:9      | Found a radiant altar of Vehumet.
 12263 | D:9      | Found a glowing golden altar of the Shining One.
 12379 | D:9      | Reached * piety under Ashenzari
 12534 | D:9      | Reached skill level 3 in Dodging
 12897 | D:9      | Found a sacrificial altar of Ru.
 12945 | D:10     | Entered Level 10 of the Dungeon
 13003 | D:10     | Reached skill level 4 in Dodging
 13404 | D:10     | Reached ** piety under Ashenzari
 13576 | D:10     | Reached skill level 5 in Dodging
 13815 | D:10     | Found a runed translucent door.
 13815 | D:10     | Noticed a tengu warrior
 13815 | D:10     | Noticed Tarl's ghost (novice TrFi)
 13826 | D:10     | Reached skill level 6 in Dodging
 13831 | D:10     | Reached skill level 7 in Dodging
 14193 | Lair:1   | Entered Level 1 of the Lair of Beasts
 14242 | Lair:1   | Reached skill level 8 in Dodging
 14437 | Lair:1   | Noticed Fannar
 14442 | Lair:1   | Noticed Urug
 14453 | Lair:1   | Reached skill level 9 in Dodging
 14463 | Lair:1   | Killed Urug
 14469 | Lair:1   | Killed Fannar
 14470 | Lair:1   | Reached skill level 10 in Dodging
 14761 | Lair:1   | Reached skill level 11 in Dodging
 14780 | Lair:1   | Reached XP level 12. HP: 36/103 MP: 4/19
 15163 | Lair:1   | Reached *** piety under Ashenzari
 15234 | Lair:1   | Reached skill level 12 in Dodging
 15280 | Lair:1   | Identified the +4 quarterstaff of Regicide {vorpal, *Noise
                  | rElec Dex+7}
 16150 | Lair:2   | Reached skill level 13 in Dodging
 16361 | Lair:2   | Noticed a death yak
 16361 | Lair:2   | Noticed a death yak
 16362 | Lair:2   | Noticed a death yak
 16400 | Lair:2   | Killed a death yak
 16415 | Lair:2   | Killed a death yak
 16437 | Lair:2   | Killed a death yak
 16438 | Lair:2   | Reached skill level 14 in Dodging
 16986 | Lair:2   | Reached skill level 15 in Dodging
 17401 | Lair:2   | Noticed a four-headed hydra
 17415 | Lair:2   | Killed a four-headed hydra
 17459 | Lair:2   | Reached **** piety under Ashenzari
 17529 | Lair:2   | Found a runed translucent gate.
 17529 | Lair:2   | Found a runed translucent gate.
 17529 | Lair:2   | Found a runed translucent gate.
 17540 | Lair:2   | Noticed a four-headed hydra
 17552 | Lair:2   | Noticed a minotaur
 17555 | Lair:2   | Killed a four-headed hydra
 17556 | Lair:2   | Reached skill level 16 in Dodging
 17557 | Lair:2   | Noticed MrDNA's ghost (journeyman FoBe)
 18023 | Lair:3   | Reached XP level 13. HP: 91/109 MP: 8/20
 18319 | Orc:1    | Entered Level 1 of the Orcish Mines
 18468 | Orc:1    | Found Ivonehoff's Magic Scroll Emporium.
 18832 | Orc:1    | Found a dark tunnel.
 18893 | Volcano  | Entered a volcano
 19009 | Volcano  | Noticed a stone giant
 19015 | Volcano  | Slain by a stone giant

Illustrated notes

Levels and vault maps discovered:
D:1:      sevenhm_arrival_forest_fort_small_5, layout_basic
D:2:      layout_basic, chequers_temple_overflow_minitemple
D:3:      layout_basic, nicolae_overflow_quartered_altars, serial_glass,
          glass_columns_c, glass_columns_c, glass_columns_c, glass_columns_a
D:4:      layout_layer_cave, lightli_temple_of_fire, serial_shops, shop
D:5:      layout_rooms, uniq_eustachio, uniq_sigmund
D:6:      layout_rooms, lightli_minifort
D:7:      layout_loops_ring, grunt_temple_overflow_growth_and_decay,
          minmay_temple_entry_statues, gammafunk_ghost_stat_death,
          minmay_between, uniq_joseph
D:8:      layout_basic, due_lair_maze_entry_diamond, makhleb_altar_promises_db,
          uniq_erica
D:9:      layout_basic, nicolae_ru_path_of_blood, general_overflow_altar,
          kennysheep_little_box, orc_0_dummy
D:10:     layout_roguey, ebering_ghost_inner_flame
Temple:   compressed_dpeg_triangle_lava_temple
Lair:1:   layout_regular_city, uniq_fannar, uniq_urug
Lair:2:   layout_cave_pods, special_room [special_room_bee],
          maelrawn_ghost_gauntlet_escape, kennysheep_abandoned_house
Lair:3:   layout_regular_city, grunt_forest_large_clearings, grunt_megastairs_1
Orc:1:    layout_caves, serial_shops, shop, nicolae_volcano_entry_vermiform,
          hangedman_minor_magic, uniq_erolcha
Volcano:  volcano_pools

Skill      XL: |  1  2  3  4  5  6  7  8  9 10 11 12 13 |
---------------+----------------------------------------+-----
Transmutations | 2 3 5 |  5.0
Poison Magic   | 4 5 6 8 9 10 | 10.0
Spellcasting   | 3 4 5 |  5.0
Short Blades   | 4 |  4.6
Fighting       | 1 7 9 12 13 | 13.2
Shields        | 2 4 |  4.0
Dodging        | 11 16 | 16.8
Stealth        | |  2.1

Action                   |  1- 3 |  4- 6 |  7- 9 | 10-12 | 13-15 || total
-------------------------+-------+-------+-------+-------+-------++-------
Melee: Unarmed           |    26 |       |       |       |       ||    26
       Trident           |       |    15 |    39 |       |       ||    54
       Dagger            |       |       |   182 |   486 |    61 ||   729
 Cast: Sting             |    71 |    64 |       |       |       ||   135
       Poisonous Vapours |     1 |    22 |    77 |   138 |    30 ||   268
       Olgreb's Toxic Ra |       |       |     7 |    58 |    10 ||    75
       Ignite Poison     |       |       |       |     2 |     1 ||     3
       Mephitic Cloud    |       |       |       |     2 |       ||     2
Invok: Curse Item        |       |       |     2 |     5 |       ||     7
Evoke: Wand              |       |       |       |     7 |       ||     7
  Use: Scroll            |       |     6 |     8 |     9 |     1 ||    24
       Potion            |       |     1 |     1 |       |       ||     2
 Stab: Sleeping          |       |       |       |     3 |       ||     3
Armor: Robe              |    17 |     3 |    28 |       |       ||    48
       Ring mail         |       |       |    13 |    82 |     8 ||   103
Dodge: Dodged            |    62 |    47 |   287 |   473 |    92 ||   961
Block: Buckler           |       |       |     1 |   124 |    22 ||   147

Table legend: (Time is in decaauts)
 A = Elapsed time spent in this place.
 B = Non-inter-level travel time spent in this place.
 C = Inter-level travel time spent in this place.
 D = Time resting spent in this place.
 E = Time spent auto-exploring this place.
 F = Levels seen in this place.
 G = Mean time per level.
                   A        B        C        D        E       F      G
               +--------+--------+--------+--------+--------+-----+--------+
         Total |  18861 |  18043 |    818 |   1187 |  13681 |  16 | 1178.8 |
       Dungeon |  13904 |  13208 |    696 |    992 |   9837 |  10 | 1390.4 |
        Temple |    252 |    243 |      9 |      0 |    225 |   1 |  252.0 |
          Lair |   4024 |   3946 |     78 |    174 |   3155 |   3 | 1341.3 |
  Orcish Mines |    562 |    528 |     34 |     19 |    405 |   1 |  562.0 |
       Volcano |    116 |    116 |      0 |      2 |     59 |   1 |  116.0 |
               +--------+--------+--------+--------+--------+-----+--------+

Top non-repeatable levels by time:
  Lair:2: 2164 daAuts
     D:4: 1946 daAuts
     D:2: 1840 daAuts
  Lair:1: 1746 daAuts
     D:8: 1670 daAuts
     D:5: 1402 daAuts
     D:1: 1401 daAuts
     D:7: 1377 daAuts
     D:9: 1361 daAuts
    D:10: 1108 daAuts
     D:6: 1027 daAuts
     D:3: 769 daAuts
   Orc:1: 562 daAuts
  Temple: 252 daAuts
 Volcano: 116 daAuts
